 Dungeon Crawl Stone Soup version 0.21.1-1-g345015f (webtiles) character file.

597 Fang the Chopper (level 7, -6/44 HPs)
             Began as a Gargoyle Berserker on May 19, 2018.
             Was a Priest of Trog.
             Mangled by Prince Ribbit (13 damage)
             ... on level 6 of the Dungeon on May 20, 2018.
             The game lasted 00:06:47 (4091 turns).

Fang the Chopper (Gargoyle Berserker)               Turns: 4091, Time: 00:06:48

Health: -6/44      AC:  8    Str: 23    XL:     7   Next: 40%
Magic:  16/16      EV: 13    Int:  7    God:    Trog [***...]
Gold:   170        SH:  0    Dex:  9    Spells: 6/6 levels left

rFire    . . .     SeeInvis .   a - +2 hand axe
rCold    . . .     Gourm    .   (no shield)
rNeg     + + .     Faith    .   b - +1 animal skin
rPois    ∞         Spirit   .   (no helmet)
rElec    +         Reflect  .   (no cloak)
rCorr    .         Harm     +   (no gloves)
MR       .....                  (no boots)
Stlth    ++........             l - amulet of harm
HPRegen  0.14/turn              j - ring of magical power
MPRegen  0.15/turn              u - ring of positive energy

@: berserk cooldown, slowed, very slow
A: negative energy resistance 1, electricity resistance, unbreathing,
petrification resistance, rot immunity, AC +4
a: Berserk, Trog's Hand, Burn Spellbooks, Renounce Religion


You were on level 6 of the Dungeon.
You worshipped Trog.
Trog was most pleased with you.
You were very hungry.

You visited 1 branch of the dungeon, and saw 6 of its levels.

You collected 170 gold pieces.

Inventory:

Hand Weapons
 a - a +2 hand axe (weapon)
Armour
 b - a +1 animal skin (worn)
Jewellery
 j - a ring of magical power (left hand)
 l - an amulet of harm (around neck)
 u - a ring of positive energy (right hand)
Scrolls
 g - 4 scrolls of identify
 i - a scroll of remove curse
 p - 2 scrolls of teleportation
Potions
 f - a potion of magic
 h - 2 potions of curing {unknown}
 n - a potion of degeneration {unknown}
 q - a potion of lignification {unknown}
 t - a potion of brilliance {unknown}
 v - a potion of heal wounds {unknown}
Comestibles
 c - 9 rations
 w - a chunk of flesh


   Skills:
 + Level 5.1 Fighting
 + Level 5.4 Axes
 + Level 2.7 Armour
 + Level 3.1 Dodging
 + Level 2.6 Stealth


You had 6 spell levels left.
You didn't know any spells.

Dungeon Overview and Level Annotations

Branches:
Dungeon (7/15)             Temple (0/1) D:6

Altars:
Ashenzari
Okawaru
Vehumet

Annotations:
D:4 Pikel
D:6 Prince Ribbit


Innate Abilities, Weirdness & Mutations

You are resistant to torment.
Your stone body is resilient. (AC +4)
You are immune to poison.
You resist negative energy. (rN+)
You are resistant to electric shocks. (rElec)
You can survive without breathing.
You are immune to petrification.
You are immune to rotting.


Message History

You feel yourself slow down. Prince Ribbit hits you!
* * * LOW HITPOINT WARNING * * *
You barely miss Prince Ribbit. You hit the adder.
The adder bites you but does no damage. Prince Ribbit closely misses you.
The adder barely misses you.
Prince Ribbit hits you but does no damage.
Unknown command.
You slash Prince Ribbit!
Prince Ribbit is moderately wounded.
You hit the adder. The adder bites you but does no damage.
Prince Ribbit barely misses you. The adder barely misses you.
Prince Ribbit hits you.
* * * LOW HITPOINT WARNING * * *
You hit Prince Ribbit but do no damage.
Prince Ribbit is moderately wounded.
You hit the adder.
You kill the adder!
Trog accepts your kill. Prince Ribbit barely misses you.
Prince Ribbit hits you!
You die...

*,* ####..########.# *,*
#...........##.# *,*
#.##..#####.##.### #,*
#.##..####...#.#§§
#.###.##.......#.#.#§#
*#...#.###.##...#...#§#
##,**#...##.##.#####.§§§
#..*##.F††..##...#...#.#
*#.##..@†...##...#÷..#.#
*#...#####.##.......#.#
###......#.......<..#.#
#....#.............>#.#
##.####...#.##.......#.#
###..#⌠.#.+##.⌠#.......#.#
#....#.........#.......#,*
#.#####.......###.#..###,,
#.#...#.......#......# ***


You could see Prince Ribbit.

Vanquished Creatures
  A phantom (D:2)
  3 bullfrogs (D:6)
  2 hounds (D:6)
  An iguana (D:7)
  2 worker ants (D:6)
  A worker ant zombie (D:6)
  7 adders
  A shadow imp (D:6)
  5 worms
  A dart slug (D:3)
  3 leopard geckos
  5 orcs
  2 ball pythons
  2 giant cockroaches (D:1)
  6 hobgoblins
  12 jackals
  A quokka (D:6)
  14 bats
  3 frilled lizards
  8 goblins
  A jackal zombie (D:6)
  9 kobolds
  5 rats
95 creatures vanquished.

Notes
Turn   | Place    | Note
-------+----------+-------------------------------------------
     0 | D:1      | Fang the Gargoyle Berserker began the quest for the Orb.
     0 | D:1      | Reached XP level 1. HP: 14/14 MP: 1/1
    15 | D:1      | Reached XP level 2. HP: 16/19 MP: 2/2
   507 | D:1      | Reached XP level 3. HP: 23/24 MP: 3/3
   778 | D:1      | Reached ** piety under Trog
   851 | D:2      | Noticed a phantom
   869 | D:2      | Killed a phantom
   869 | D:2      | Reached XP level 4. HP: 22/29 MP: 4/4
   869 | D:2      | Reached XP level 5. HP: 26/33 MP: 5/5
  1908 | D:3      | Reached skill level 1 in Stealth
  2167 | D:3      | Found a radiant altar of Vehumet.
  2347 | D:3      | Reached *** piety under Trog
  2468 | D:3      | Found an iron altar of Okawaru.
  2578 | D:3      | Reached XP level 6. HP: 29/39 MP: 6/6
  3075 | D:4      | Noticed a slave
  3076 | D:4      | Noticed Pikel
  3077 | D:4      | Noticed a slave
  3077 | D:4      | Noticed a slave
  3097 | D:4      | You fall through a shaft for 3 floors!
  3459 | D:6      | Found a shattered altar of Ashenzari.
  3764 | D:6      | Reached skill level 5 in Axes
  3764 | D:6      | Reached XP level 7. HP: 34/44 MP: 7/7
  4040 | D:6      | Reached skill level 5 in Fighting
  4055 | D:6      | Found a staircase to the Ecumenical Temple.
  4080 | D:6      | Noticed Prince Ribbit
  4091 | D:6      | Mangled by Prince Ribbit

Skill      XL: |  1  2  3  4  5  6  7 |
---------------+----------------------+-----
Axes           | 3 4 5 |  5.4
Fighting       | 4 5 |  5.1
Dodging        | 2 3 |  3.1
Stealth        | 1 2 |  2.6
Armour         | |  2.7

Action                   |  1- 3 |  4- 6 |  7- 9 || total
-------------------------+-------+-------+-------++-------
Melee: Hand axe          |    62 |   189 |    39 ||   290
Invok: Berserk           |     2 |     1 |     2 ||     5
  Use: Scroll            |       |       |    11 ||    11
 Stab: Sleeping          |       |     3 |       ||     3
       Distracted        |       |     2 |       ||     2
  Eat: Chunk             |     1 |    11 |     2 ||    14
Armor: Animal skin       |    35 |    67 |    25 ||   127
Dodge: Dodged            |    58 |   129 |    42 ||   229
